Map: Dusk Towers

Players

ValLee - Winner!

  • Race: Zerg Zerg

lesha

  • Race: Terran Terran
  • League: Silver

VOD

Have the link to the VOD?

Description

Time

  • Played on: Dec. 17, 2015, 9:36 a.m.
  • Length: 11:02
Show
View Real Time Build Order
Export as new Build Order

ValLee Zerg - Winner!

Build Orders: Hatch First 

Get SALT Encoding   

  12  0:01  Drone  
  13  0:14  Overlord  
  13  0:17  Drone  
  14  0:24  Drone, Extractor  
  15  0:39  Drone  
  15  0:40  Drone  
  17  0:59  Drone  
  17  1:00  Hatchery  
  17  1:08  Drone  
  18  1:12  Extractor  
  17  1:21  Drone, Spawning Pool  
  17  1:23  Drone  
  18  1:30  Drone  
  19  1:41  Overlord  
  19  1:51  Drone  
  20  2:03  Drone  
  20  2:07  Queen  
  23  2:12  Queen  
  23  2:14  Drone x2  
  27  2:20  Metabolic Boost  
  27  2:29  Zergling x4  
  29  2:43  Drone  
  30  2:47  Drone x2  
  32  2:54  Queen  
  32  2:56  Overlord  
  32  2:58  Drone  
  35  3:00  Drone  
  35  3:05  Extractor  
  35  3:06  Drone  
  37  3:14  Drone  
  38  3:26  Lair  
  38  3:27  Drone x2  
  38  3:28  Drone  
  41  3:35  Roach Warren  
  40  3:53  Extractor  
  40  3:55  Drone x3, Extractor x2  
  39  3:56  Drone x3  
  39  3:59  Hatchery, Overlord x2  
  42  4:04  Lair  
  42  4:40  Burrow  
  42  4:45  Evolution Chamber  
  41  4:47  Evolution Chamber  
  41  4:48  Roach x5  
  41  4:49  Roach x3  
  56  4:55  Drone x2  
  58  5:00  Overseer  
  58  5:01  Overseer  
  58  5:02  Overlord x2  
  58  5:16  Queen  
  58  5:18  Drone  
  61  5:24  Glial Reconstitution, Zerg Ground Armor Level 1  
  61  5:27  Zerg Missile Weapons Level 1  
  61  5:37  Drone x2  
  61  5:41  Spore Crawler  
  62  5:43  Spore Crawler  
  62  5:44  Spore Crawler  
  62  5:48  Drone x2  
  62  6:01  Drone  
  62  6:03  Drone x4  
  62  6:04  Drone  
  68  6:08  Spore Crawler  
  67  6:19  Roach x3  
  73  6:28  Overlord x2  
  73  6:51  Roach x8  
  73  6:52  Roach x2  
  93  6:54  Overlord  
  93  7:05  Overlord  
  93  7:06  Overlord  
  93  7:11  Drone x2  
  93  7:12  Drone x3  
  93  7:14  Overlord  
  98  7:19  Ravager  
  98  7:20  Ravager x6  
  98  7:21  Ravager  
  106  7:30  Zerg Missile Weapons Level 2  
  106  7:44  Roach x3  
  106  7:45  Roach x6  
  106  7:48  Overlord  
  124  7:54  Ravager  
  124  7:55  Ravager  
  126  8:20  Extractor  
  126  8:22  Overlord  
  126  8:23  Overlord, Extractor  
  126  8:25  Zergling x10  
  126  8:26  Zergling x2  
  130  8:36  Zerg Ground Armor Level 2  
  130  8:39  Overlord  
  130  8:40  Overlord  
  130  8:43  Roach x7  
  130  8:44  Roach x2  
  130  8:46  Ravager  
  149  9:01  Ravager  
  149  9:02  Ravager x2  
  151  9:09  Zergling x4  
  154  9:10  Zergling x6  
  154  9:13  Overlord x2  
  156  9:28  Roach x7  
  160  9:43  Roach x6  
  160  9:44  Roach  
  161  9:47  Ravager x2  
  161  9:52  Roach x3  
  170  9:53  Roach  
  170  9:55  Ravager  
  170  9:56  Ravager  
  172  10:03  Ravager x2  
  172  10:06  Overlord  
  174  10:19  Ravager x3  
  177  10:29  Overlord x2  
Show
View Real Time Build Order
Export as new Build Order

lesha Terran 

Build Orders: MMM Bio 

Get SALT Encoding   

  12  0:01  SCV  
  13  0:13  SCV  
  14  0:18  Supply Depot  
  14  0:25  SCV  
  15  0:39  SCV  
  15  0:40  Barracks  
  16  0:51  SCV, Refinery  
  17  1:03  SCV  
  18  1:16  SCV  
  19  1:28  Orbital Command  
  19  1:32  Marine  
  20  1:40  Command Center  
  20  1:50  Refinery  
  20  1:52  Marine  
  21  1:59  SCV  
  21  2:00  Supply Depot  
  22  2:11  Factory  
  22  2:14  SCV  
  23  2:29  Marine  
  24  2:33  SCV  
  25  2:45  SCV  
  26  2:57  SCV  
  27  2:59  Starport, Marine  
  27  3:05  Barracks  
  28  3:06  Orbital Command  
  28  3:09  SCV  
  29  3:23  SCV  
  29  3:25  Marine  
  29  3:26  Factory Tech Lab  
  31  3:34  SCV  
  31  3:35  SCV, Supply Depot  
  31  3:36  Supply Depot  
  33  3:43  Barracks Reactor  
  33  3:46  SCV  
  33  3:47  SCV  
  35  3:50  Starport Reactor  
  35  3:58  Barracks  
  35  4:00  Barracks Tech Lab  
  35  4:04  Siege Tank  
  38  4:10  SCV x2  
  40  4:18  Refinery  
  40  4:19  Refinery  
  40  4:20  Marine  
  40  4:21  Marine  
  40  4:22  SCV, Marauder  
  40  4:23  SCV  
  46  4:24  Stimpack  
  46  4:35  SCV x2  
  46  4:36  Medivac x2  
  52  4:40  Marine x2  
  54  4:50  Barracks Reactor  
  54  4:53  Siege Tank  
  54  4:57  Marauder  
  59  5:05  SCV x2  
  61  5:10  Marine  
  62  5:21  Supply Depot  
  62  5:22  Supply Depot x2  
  62  5:23  Supply Depot  
  62  5:31  Engineering Bay  
  62  5:33  Engineering Bay  
  62  5:43  Marauder, SCV x2, Medivac x2, Marine x4  
  74  5:58  Command Center  
  74  5:59  SCV x2  
  74  6:04  Marine x3  
  76  6:05  Marine  
  76  6:11  Terran Infantry Weapons Level 1, SCV x2  
  82  6:13  Terran Infantry Armor Level 1  
  73  6:41  SCV  
  73  6:42  SCV  
  73  6:44  Marine x3  
  73  6:45  Marine  
  73  6:46  Marauder  
  80  6:48  Medivac x2  
  80  6:53  Combat Shields  
  80  6:54  SCV x2  
  86  7:02  Marine x4  
  86  7:07  Marauder  
  92  7:20  Marine x4  
  96  7:25  SCV x2  
  96  7:29  Marauder  
  100  7:37  SCV x2  
  100  7:38  Marine x2  
  100  7:42  Supply Depot  
  104  7:45  Supply Depot  
  104  7:46  Supply Depot  
  104  7:48  Supply Depot  
  104  7:52  Marine x2  
  104  7:54  Marauder  
  104  7:55  Barracks, Marine  
  104  7:56  Barracks  
  109  7:59  Orbital Command  
  109  8:04  Medivac x2, Marine  
  114  8:08  SCV x2  
  114  8:09  Marine  
  117  8:15  Marauder, Marine x2  
  121  8:20  SCV x2  
  121  8:21  Marine  
  121  8:27  Armory, Marine  
  124  8:31  Concussive Shells  
  124  8:33  Marine x2  
  127  8:37  Medivac x2, Marauder  
  127  8:39  Marine  
  134  8:43  SCV x2  
  134  8:44  SCV  
  134  8:45  Marine  
  138  8:50  Barracks Reactor x2  
  138  8:58  SCV, Marauder  
  141  9:08  Supply Depot  
  141  9:11  Supply Depot  
  141  9:12  Supply Depot x2  
  141  9:13  Supply Depot  
  141  9:17  Barracks  
  141  9:20  Barracks  
  141  9:24  Barracks  
  141  9:29  SCV x3  
  129  9:51  Marine x6  
  129  9:52  Marine x2  
  138  9:53  Marauder  
  138  9:54  Medivac  
  138  9:55  Medivac  
  142  10:08  Marine  
  142  10:09  Siege Tank, Marine x3  
  151  10:14  Marauder  
  151  10:24  Medivac  
  151  10:25  Command Center, Medivac  
  155  10:35  SCV x3, Marauder  
  160  10:36  Factory x2  
  148  10:47  SCV x2  
Tags
 
Composition
MMM Bio
League
Silver
Matchup
TvZ
Add a new tag
Caveats
  • Supply blocks, unpowered buildings, or Contaminate may cause inaccurate times.
  • Supply counts are checked every 10 seconds.